 Dungeon Crawl Stone Soup version 0.26-a0-753-g4680b4fa2e (webtiles) character file.

Game seed: 16637619876015006769

28933 Morbidden the Grappler (level 13, -1/138 HPs)
             Began as a Palentonga Transmuter on Nov 7, 2020.
             Was the Champion of Cheibriados.
             Slain by a yak (17 damage)
             ... on level 14 of the Dungeon.
             The game lasted 00:46:04 (21629 turns).

Morbidden the Grappler (Palentonga Transmuter)     Turns: 21629, Time: 00:46:04

Health: -1/138     AC:  7    Str: 29    XL:     13   Next: 12%
Magic:  19/22      EV: 13    Int: 33    God:    Cheibriados [******]
Gold:   855        SH:  0    Dex: 26    Spells: 10/25 levels left

rFire    x . .     SeeInvis +     - Unarmed
rCold    + + +     Faith    .   (shield currently unavailable)
rNeg     . . .     Spirit   .   (armour currently unavailable)
rPois    +         Reflect  .   (helmet currently unavailable)
rElec    .         Harm     .   (cloak currently unavailable)
rCorr    .         Rampage  .   (gloves currently unavailable)
MR       .....                  (no barding)
Stlth    ++++......             (no amulet)
HPRegen  0.33/turn              f - ring of protection from cold
MPRegen  0.18/turn              r - ring of stealth

@: ice-form, very slow
A: large, rugged brown scales 3, see invisible
a: End Transformation, Bend Time, Temporal Distortion, Slouch, Step From Time,
Renounce Religion


You were on level 14 of the Dungeon.
You worshipped Cheibriados.
Cheibriados was exalted by your worship.
You were a creature of crystalline ice.
You visited 2 branches of the dungeon, and saw 15 of its levels.

You collected 855 gold pieces.

Inventory:

Missiles
 i - 286 stones (quivered)
Armour
 j - a +0 helmet (melded)
 q - a +0 pair of gloves (melded)
 F - +1 swamp dragon scales (melded)
 M - a scarf of repulsion (melded)
Jewellery
 f - a ring of protection from cold (left front paw)
 g - an uncursed ring of positive energy
 r - a ring of stealth (right front paw)
 t - an uncursed ring of ice
 A - an uncursed ring of fire
Wands
 k - a wand of iceblast (12)
 x - a wand of digging (7)
 C - a wand of disintegration (11)
 G - a wand of acid (12)
 H - a wand of polymorph (16)
 J - a wand of flame (25)
Scrolls
 c - 2 scrolls of immolation
 d - 19 scrolls of identify
 h - 4 scrolls of amnesia
 o - 7 scrolls of remove curse
 u - 5 scrolls of teleportation
 v - 3 scrolls of enchant armour
 y - 2 scrolls of magic mapping
 E - 4 scrolls of enchant weapon
 I - a scroll of fog {unknown}
 K - a scroll of silence {unknown}
 L - a scroll of fear
Potions
 a - a potion of heal wounds
 b - 2 potions of might
 e - a potion of cancellation
 l - 2 potions of attraction
 m - a potion of berserk rage {unknown}
 n - 2 potions of lignification
 p - a potion of experience {unknown}
 s - 3 potions of mutation {unknown}
 w - a potion of brilliance {unknown}
 z - 4 potions of magic {unknown}
 B - 2 potions of flight {unknown}
 D - 3 potions of degeneration {unknown}
 N - 2 potions of curing


   Skills:
 * Level 8.6 Fighting
 + Level 0.1 Throwing
 + Level 5.5 Armour
 + Level 3.9 Dodging
 + Level 2.9 Stealth
 * Level 13.1 Unarmed Combat
 + Level 6.5 Spellcasting
 * Level 8.9 Transmutations
 + Level 0.6 Ice Magic
 - Level 2.0 Poison Magic
 * Level 8.1 Invocations
 + Level 1.1 Evocations


You had 10 spell levels left.
You knew the following spells:

 Your Spells              Type           Power        Failure   Level
a - Beastly Appendage     Tmut           ######       1%          1
b - Wereblood             Tmut           ######..     1%          2
c - Spider Form           Tmut/Pois      #####.....   1%          3
d - Blade Hands           Tmut           ######....   3%          5
e - Ice Form              Ice/Tmut       #####...     6%          4

Your spell library contained the following spells:

 Spells                   Type           Power        Failure   Level
 Passwall                 Tmut/Erth      #####...     1%          2
 Sandblast                Erth           ##....       4%          1
 Summon Small Mammal      Summ           ##..         4%          1
 Call Imp                 Summ           ##......     6%          2
 Petrify                  Tmut/Erth      #####...     6%          4
 Call Canine Familiar     Summ           ##......     12%         3
 Stone Arrow              Conj/Erth      ##....       12%         3
 Summon Guardian Golem    Hex/Summ       ##......     12%         3
 Summon Ice Beast         Ice/Summ       ##......     34%         4
 Summon Lightning Spire   Summ/Air       ##......     38%         4
 Bolt of Magma            Conj/Fire/Erth ##........   75%         5
 Iskenderun's Battlesphe  Conj           ##......     75%         5
 Lee's Rapid Deconstruct  Erth           ##........   75%         5
 Iron Shot                Conj/Erth      ##........   99%         6
 Orb of Destruction       Conj           ##........   100%        7
 Spellforged Servitor     Conj/Summ      ##........   100%        7


Dungeon Overview and Level Annotations

Branches:
Dungeon (14/15)            Temple (1/1) D:4            Lair (0/6) D:11
    Orc (0/2) D:12
 Vaults: D:13-14

Altars:
Ashenzari
Cheibriados
Dithmenos
Elyvilon
Fedhas
Gozag
Hepliaklqana
Kikubaaqudgha
Makhleb
Nemelex Xobeh
Okawaru
Qazlal
Ru
Sif Muna
Trog
Uskayaw
Vehumet
Wu Jian
Xom
Yredelemnul
Zin
The Shining One

Shops:
D:7 (   D:8 }

Annotations:
D:3 2 transporters, PanSaczeczos's ghost, amateur TrMo
D:8 3 runed translucent doors
D:9 2 transporters, kuniqs's ghost, novice FoFi
D:11 3 runed translucent doors, Rosaphim's ghost, journeyman GrBe


Innate Abilities, Weirdness & Mutations

(You are completely covered in rugged brown scales. (AC +3, +7% HP))
You have supernaturally acute eyesight. (SInv)
((Armour fits poorly on your strangely shaped body.))
((You can roll at foes to attack.))
((You have a long armoured tail.))
((You curl defensively after being hit.))


Message History

A yak comes into view.
The centaur warrior shoots an arrow.
The arrow hits you!!
* * * LOW HITPOINT WARNING * * *
The yak moves out of view.
Found 14 stones.
Things that are here:
2 arrows; 4 large rocks; a cyclops corpse Unknown command.
The yak gores you.
* * * LOW HITPOINT WARNING * * *
Unknown command.
Unknown command.
Unknown command.
The yak bellows!
You pulverise the centaur warrior!!!
You freeze the centaur warrior!!
You kill the centaur warrior!
Cheibriados appreciates the change of pace.
You hear a shout! x2
The yak gores you!
You die...

*,,,,,,,,#........,,,,,,,*
*,*****,,#........,,,,,,,* **
*,*,,,*,,#.Y......,,,,,,,* *,
*,+,,∩*,,#...?...#*,,,..** *,
*******,,#.....Y.####'##** *,
,,,,,,,,,#......Y.......,* *,
**,,,*####.............(,* *,
,,,,,,,.....##.)Y#*,,,,,,* *,
*,,,,,,,#...##..Y#**+***** *,
,,,,,,>,#........#,,,,,,,* *,
,,,,,,,,#...(..=.#,,,,,,,* *,
,,,,,,,,#........#,,,,,,,* *,
,,,,,,,,#........#,,,,,,,* *,
,,,,,,,,#...##...#,,,,,,,* *,
,,,,,,,,#...##...#,,,,,,,*******,
*,,,,,,,#........#,,,,,,,,,,,,,,,
*,,,,,,,#........#,,,,,,,,,,,,,,,


You could see 4 yaks.

Vanquished Creatures
  A fire dragon (D:11)
  5 boulder beetles
  2 centaur warriors
  6 two-headed ogres
  A death knight (D:13)
  A slime creature (D:13)
  An unseen horror (D:13)
  A deep elf mage (D:13)
  2 manticores
  4 ugly things
  2 cyclopes
  Maggie (D:7)
  2 freezing wraiths (D:13)
  A hornet (D:10)
  3 wraiths (D:13)
  2 shadows (D:12)
  2 vampires
  4 yaks (D:13)
  A wyvern (D:13)
  A steam dragon (D:12)
  8 vampire mosquitoes (D:12)
  3 acid dragons
  10 ice beasts
  7 orc warriors
  5 phantoms
  A necrophage (D:12)
  4 black bears
  An eye of draining (D:8)
  3 sky beasts
  8 ogres
  14 centaurs
  8 bullfrogs
  A big kobold (D:9)
  2 wyvern zombies (D:8)
  16 killer bees
  3 scorpions
  3 troll zombies (D:12)
  28 wights
  5 howler monkeys
  2 centaur zombies
  A quasit (D:6)
  A bullfrog zombie (D:9)
  4 centaur skeletons
  4 hounds
  2 jellies
  12 orc priests
  2 bullfrog skeletons
  An iron imp (D:5)
  4 iguanas
  7 orc wizards
  13 worker ants
  5 ogre zombies (D:12)
  2 hound zombies
  A hound skeleton (D:4)
  A worker ant zombie (D:10)
  3 gnolls (D:6)
  17 adders
  4 shadow imps
  A white imp (D:8)
  An ufetubus (D:4)
  2 oozes
  An adder zombie (D:8)
  6 worms
  A dart slug (D:3)
  3 leopard geckos
  48 orcs
  10 bats
  2 bat zombies (D:2)
  4 giant cockroaches
  12 goblins
  11 hobgoblins
  11 jackals
  7 kobolds
  A quokka (D:12)
  3 ball pythons
  4 frilled lizards
  A giant cockroach zombie (D:5)
  A goblin skeleton (D:12)
  4 goblin zombies (D:12)
  2 hobgoblin skeletons (D:12)
  A leopard gecko skeleton (D:4)
  3 orc skeletons (D:12)
  15 orc zombies (D:12)
  3 quokka skeletons
  A quokka zombie (D:9)
  10 rats
  4 rat zombies (D:2)
432 creatures vanquished.

Vanquished Creatures (others)
  6 plants (D:3)
6 creatures vanquished.

Grand Total: 438 creatures vanquished

Notes
Turn   | Place    | Note
-------+----------+-------------------------------------------
     0 | D:1      | Morbidden the Palentonga Transmuter began the quest for the
                  | Orb.
     0 | D:1      | Reached XP level 1. HP: 17/17 MP: 3/3
   262 | D:1      | Reached XP level 2. HP: 24/24 MP: 3/5
  1120 | D:2      | Reached XP level 3. HP: 16/29 MP: 4/6
  1421 | D:2      | Reached XP level 4. HP: 20/37 MP: 7/7
  1768 | D:2      | Found a radiant altar of Vehumet.
  1839 | D:2      | Reached skill level 4 in Unarmed Combat
  2028 | D:2      | Found an ancient bone altar of Kikubaaqudgha.
  2357 | D:2      | Found a sacrificial altar of Ru.
  2424 | D:2      | Learned a level 2 spell: Wereblood
  3196 | D:3      | Reached XP level 5. HP: 43/43 MP: 7/9
  3263 | D:3      | Noticed PanSaczeczos's ghost (amateur TrMo)
  3281 | D:3      | Found a transporter.
  3281 | D:3      | Found a transporter.
  3326 | D:3      | Identified the +0 spear of Ruination {venom, rPois rC+ MR+
                  | Int-3}
  3481 | D:4      | Noticed a phantom
  3736 | D:4      | Found a staircase to the Ecumenical Temple.
  3758 | Temple   | Entered the Ecumenical Temple
  4333 | D:4      | Reached XP level 6. HP: 51/51 MP: 6/10
  4349 | D:4      | Reached skill level 5 in Unarmed Combat
  4963 | D:4      | Gained mutation: You curl defensively after being hit.
                  | [Palentonga growth]
  4963 | D:4      | Reached XP level 7. HP: 52/59 MP: 10/12
  5126 | D:4      | Reached skill level 1 in Stealth
  5293 | D:5      | Entered Level 5 of the Dungeon
  5298 | D:5      | Learned a level 3 spell: Spider Form
  5369 | D:5      | Reached skill level 6 in Unarmed Combat
  6538 | D:5      | Found a snail-covered altar of Cheibriados.
  6628 | D:5      | Became a worshipper of Cheibriados the Contemplative
  6682 | D:6      | Reached XP level 8. HP: 64/67 MP: 13/13
  6993 | D:5      | Found an iron altar of Okawaru.
  7210 | D:5      | Reached skill level 1 in Invocations
  7605 | D:6      | Reached skill level 7 in Unarmed Combat
  7620 | D:6      | Reached skill level 1 in Poison Magic
  7683 | D:6      | Reached * piety under Cheibriados
  7825 | D:6      | Reached skill level 5 in Transmutations
  7965 | D:6      | Reached skill level 1 in Armour
  8108 | D:6      | Reached XP level 9. HP: 45/75 MP: 13/15
  8351 | D:6      | Found a stormy altar of Qazlal.
  8792 | D:7      | Noticed Maggie
  8808 | D:7      | Killed Maggie
  8808 | D:7      | Reached skill level 8 in Unarmed Combat
  8932 | D:7      | Found a glowing silver altar of Zin.
  8989 | D:7      | Reached ** piety under Cheibriados
  9478 | D:7      | Found Vetuoz's Antique Weapon Emporium.
  9735 | D:8      | Found a white marble altar of Elyvilon.
  9891 | D:8      | Reached skill level 5 in Fighting
 10204 | D:8      | Reached *** piety under Cheibriados
 10490 | D:8      | Noticed a two-headed ogre
 10496 | D:8      | Killed a two-headed ogre
 10496 | D:8      | Reached skill level 9 in Unarmed Combat
 10496 | D:8      | Reached XP level 10. HP: 75/88 MP: 14/16
 10558 | D:8      | Found Jaulluo's Gadget Emporium.
 11159 | D:8      | Found a runed translucent gate.
 11164 | D:8      | Noticed a purple ugly thing
 11166 | D:8      | Found a runed translucent gate.
 11166 | D:8      | Noticed a green ugly thing
 11166 | D:8      | Noticed a cyan very ugly thing
 11167 | D:8      | Found a runed translucent gate.
 11168 | D:8      | Noticed a purple ugly thing
 11169 | D:8      | Noticed a red ugly thing
 11390 | D:8      | Noticed a white ugly thing
 11390 | D:8      | Noticed a cyan ugly thing
 11587 | D:9      | Found an ornate altar of the Wu Jian Council.
 11638 | D:9      | Found a shadowy altar of Dithmenos.
 11672 | D:9      | Found a transporter.
 11674 | D:9      | Found a transporter.
 11674 | D:9      | Noticed kuniqs's ghost (novice FoFi)
 11674 | D:9      | Noticed an eight-headed hydra
 11693 | D:9      | Noticed a manticore
 11700 | D:9      | Killed a manticore
 11702 | D:9      | Noticed a boulder beetle
 11736 | D:9      | HP: 1/88 [boulder beetle (48)]
 12445 | D:9      | Reached skill level 5 in Invocations
 12573 | D:9      | Found a broken altar of Ashenzari.
 12596 | D:9      | Learned a level 5 spell: Blade Hands
 12604 | D:9      | Noticed a two-headed ogre
 12610 | D:9      | Killed a two-headed ogre
 12649 | D:9      | Reached **** piety under Cheibriados
 12649 | D:9      | Reached skill level 10 in Unarmed Combat
 12929 | D:9      | Killed a boulder beetle
 13312 | D:10     | Entered Level 10 of the Dungeon
 13329 | D:10     | Reached XP level 11. HP: 14/97 MP: 18/18
 13917 | D:10     | Reached skill level 1 in Evocations
 14167 | D:10     | Learned a level 4 spell: Ice Form
 14373 | D:10     | Noticed a two-headed ogre
 14380 | D:10     | Killed a two-headed ogre
 14380 | D:10     | Reached skill level 5 in Spellcasting
 14871 | D:10     | Found an ornate altar of the Wu Jian Council.
 15179 | D:11     | Noticed a two-headed ogre
 15187 | D:11     | Killed a two-headed ogre
 15561 | D:11     | Found a staircase to the Lair.
 15563 | D:11     | Noticed a fire dragon
 15602 | D:11     | Noticed a green ugly thing
 15604 | D:11     | Killed a green ugly thing
 15742 | D:11     | Reached ***** piety under Cheibriados
 15807 | D:11     | Noticed a boulder beetle
 15834 | D:11     | Killed a boulder beetle
 15834 | D:11     | Reached skill level 11 in Unarmed Combat
 16665 | D:11     | Found a runed translucent gate.
 16665 | D:11     | Found a runed translucent gate.
 16665 | D:11     | Found a runed translucent gate.
 16665 | D:11     | Noticed Rosaphim's ghost (journeyman GrBe)
 16787 | D:11     | Killed a fire dragon
 17171 | D:12     | Noticed a purple ugly thing
 17177 | D:12     | Killed a purple ugly thing
 17298 | D:12     | Found a stormy altar of Qazlal.
 17396 | D:12     | Found a staircase to the Orcish Mines.
 17430 | D:12     | Reached XP level 12. HP: 107/107 MP: 20/20
 18086 | D:12     | Reached ****** piety under Cheibriados
 18298 | D:12     | Noticed a two-headed ogre
 18303 | D:12     | Killed a two-headed ogre
 18303 | D:12     | Reached skill level 5 in Armour
 18711 | D:13     | Noticed a two-headed ogre
 18715 | D:13     | Killed a two-headed ogre
 18715 | D:13     | Reached skill level 12 in Unarmed Combat
 18987 | D:13     | Noticed a centaur warrior
 18992 | D:13     | Killed a centaur warrior
 18992 | D:13     | Noticed a boulder beetle
 19560 | D:13     | Killed a boulder beetle
 20322 | D:13     | Noticed a boulder beetle
 20343 | D:13     | Killed a boulder beetle
 20746 | D:13     | Noticed a death knight
 20753 | D:13     | Killed a death knight
 21384 | D:13     | Reached XP level 13. HP: 67/115 MP: 22/22
 21587 | D:14     | Reached skill level 13 in Unarmed Combat
 21629 | D:14     | Slain by a yak

Illustrated notes

Levels and vault maps discovered:
D:1:      evilmike_arrival_crescent, layout_basic, minmay_3d_cube
D:2:      layout_rooms, lemuel_zombie_altar_kikubaaqudgha,
          nicolae_overflow_crystal_walls, nicolae_ru_the_path_less_chosen,
          minmay_puff
D:3:      layout_basic, gammafunk_ghost_gnarly_gnolls
D:4:      layout_loops_ring, temple_fountains, grunt_tough_drop
D:5:      layout_basic, kennysheep_little_box, slow_altar_1
D:6:      minmay_diamond_boxcup, layout_basic, lemuel_crystal_altar
D:7:      layout_loops_ring, lemuel_crystal_altar, serial_shops, shop,
          uniq_maggie
D:8:      minmay_recursive_quarters, layout_layer_cave, elyvilon_altar_5,
          ploomutoo_gammafunk_ghost_potion_laboratory, serial_shops,
          kennysheep_mini
D:9:      minmay_bloctagon_deflated, layout_small_grid, lemuel_crystal_altar,
          nicolae_ashenzari_panopticon, old_standard_altar,
          gammafunk_ghost_arena, st_stairs_12
D:10:     layout_basic, basic_altar, minivault_25, grunt_decor_arrowhead
D:11:     layout_roguey, minmay_lair_entry_lava, gammafunk_ghost_necromancy,
          nrook_uturn
D:12:     layout_stronghold, zombieorc2_lemuel, grunt_qazlal_sundering
D:13:     layout_loops_cross
D:14:     layout_gridville, david_vaults_4, gauntlet_entry_generic,
          serial_shops, kennysheep_mini_moat, chequers_serial_rivers_micro_a
Temple:   minmay_temple_curvy_loop

Skill      XL: |  1  2  3  4  5  6  7  8  9 10 11 12 13 |
---------------+----------------------------------------+-----
Unarmed Combat | 4 5 6 7 9 10 11 12 13 | 13.1
Dodging        | 2 3 |  3.9
Fighting       | 2 3 4 5 6 7 8 |  8.6
Spellcasting   | 3 4 5 6 |  6.5
Transmutations | 3 4 5 6 7 8 |  8.9
Stealth        | 1 2 |  2.9
Invocations    | 2 4 5 6 8 |  8.1
Poison Magic   | 2 |  2.0
Armour         | 1 3 4 5 |  5.5
Evocations     | 1 |  1.1
Throwing       | |  0.1
Ice Magic      | |  0.6

Action                   |  1- 3 |  4- 6 |  7- 9 | 10-12 | 13-15 || total
-------------------------+-------+-------+-------+-------+-------++-------
Melee: Unarmed           |   103 |   183 |   309 |   478 |    12 ||  1085
       Kick              |    15 |    21 |    79 |    85 |       ||   200
       Headbutt          |    10 |    27 |    38 |    41 |       ||   116
       Tailslap          |     9 |    16 |    33 |    68 |     3 ||   129
       Punch             |       |     2 |     8 |    31 |       ||    41
Throw: Stone             |       |       |     3 |     8 |       ||    11
 Cast: Beastly Appendage |    19 |    38 |    47 |    31 |       ||   135
       Wereblood         |       |     9 |     8 |       |       ||    17
       Spider Form       |       |       |     1 |     2 |       ||     3
       Blade Hands       |       |       |       |    17 |     2 ||    19
       Ice Form          |       |       |       |    12 |     1 ||    13
Invok: Slouch            |       |       |       |     2 |       ||     2
 Abil: Rolling Charge    |    12 |    19 |    52 |    61 |     1 ||   145
Evoke: Wand              |       |       |     2 |    16 |       ||    18
  Use: Scroll            |       |     3 |    11 |     3 |     1 ||    18
       Potion            |       |     2 |     3 |     5 |       ||    10
 Stab: Sleeping          |       |     5 |     1 |     3 |       ||     9
Armor: Robe              |    31 |    62 |    23 |       |       ||   116
       Skin              |       |       |    25 |    27 |       ||    52
       Leather armour    |       |       |    26 |       |       ||    26
       Swamp dragon scal |       |       |    20 |   140 |     3 ||   163
Dodge: Dodged            |    54 |    95 |   130 |   307 |     3 ||   589
       Repelled          |       |       |       |     3 |       ||     3

Table legend: (Time is in decaauts)
 A = Elapsed time spent in this place.
 B = Non-inter-level travel time spent in this place.
 C = Inter-level travel time spent in this place.
 D = Time resting spent in this place.
 E = Time spent auto-exploring this place.
 F = Levels seen in this place.
 G = Mean time per level.
                   A        B        C        D        E       F      G
               +--------+--------+--------+--------+--------+-----+--------+
         Total |  25262 |  24516 |    746 |   4641 |  16546 |  15 | 1684.1 |
       Dungeon |  25020 |  24323 |    697 |   4641 |  16355 |  14 | 1787.1 |
        Temple |    241 |    192 |     49 |      0 |    191 |   1 |  241.0 |
               +--------+--------+--------+--------+--------+-----+--------+

Top non-repeatable levels by time:
     D:8: 3140 daAuts
    D:13: 3022 daAuts
    D:12: 2558 daAuts
    D:10: 2413 daAuts
    D:11: 2278 daAuts
     D:5: 2133 daAuts
     D:6: 1632 daAuts
     D:4: 1574 daAuts
     D:9: 1494 daAuts
     D:1: 1313 daAuts
     D:7: 1144 daAuts
     D:2: 1126 daAuts
     D:3: 1111 daAuts
  Temple: 241 daAuts
    D:14: 75 daAuts
